 Dungeon Crawl Stone Soup version 0.22-a0-110-g5b255cf (webtiles) character file.

8 nono the Chucker (level 2, -1/15 HPs)
             Began as a Vine Stalker Hunter on Jan 27, 2018.
             Slain by a gnoll (3 damage)
             ... on level 1 of the Dungeon.
             The game lasted 00:02:38 (416 turns).

nono the Chucker (Vine Stalker Hunter)               Turns: 416, Time: 00:02:38

Health: -1/15      AC:  8    Str: 14    XL:     2   Next: 8%
Magic:  0/3        EV:  6    Int: 11    God:
Gold:   85         SH:  0    Dex: 14    Spells: 1/1 levels left

rFire    . . .     SeeInvis .   a - +0 short sword
rCold    . . .     Gourm    .   (no shield)
rNeg     . . .     Faith    .   k - +0 chain mail
rPois    .         Spirit   +   (no helmet)
rElec    .         Reflect  .   (no cloak)
rCorr    .         Harm     .   (no gloves)
MR       .....                  (no boots)
Stlth    ..........             (no amulet)
HPRegen  0.05/turn              (no ring)
MPRegen  0.08/turn              (no ring)

@: no status effects
A: fangs 2, magic shield, antimagic bite, no potion heal 3, rot immunity
a: no special abilities


You were on level 1 of the Dungeon.
You were not hungry.

You visited 1 branch of the dungeon, and saw 2 of its levels.

You collected 85 gold pieces.

Inventory:

Hand Weapons
 a - a +0 short sword (weapon)
Missiles
 c - 4 javelins (quivered)
 i - 19 arrows
Armour
 b - a +0 leather armour
 e - a +0 plate armour of cold resistance
 j - a +0 ring mail
 k - a +0 chain mail (worn)
Scrolls
 g - 2 scrolls of remove curse {unknown}
 h - a scroll of teleportation {unknown}
 m - a scroll of enchant armour {unknown}
Potions
 l - a potion of curing {unknown}
Comestibles
 f - 2 rations


   Skills:
 + Level 2.0 Fighting
 - Level 3.6 Throwing
 + Level 0.5 Armour
 + Level 1.8 Dodging
 - Level 1.2 Stealth


You had one spell level left.
You didn't know any spells.

Dungeon Overview and Level Annotations

Branches:
Dungeon (2/15)

Altars:


Innate Abilities, Weirdness & Mutations

You have extremely sharp teeth.
When hurt, damage is shared between your health and your magic reserves.
Your bite disrupts and absorbs the magic of your enemies.
Potions cannot restore your health.
You are immune to rotting.


Message History

You throw a throwing net.
The throwing net closely misses the gnoll.
The gnoll hits you but does no damage.
You hit the gnoll. Your bite misses the gnoll.
The gnoll is moderately wounded.
The gnoll hits you but does no damage.
You hit the gnoll but do no damage.
The gnoll is moderately wounded.
The gnoll barely misses you.
You closely miss the gnoll. You bite the gnoll, but do no damage.
The gnoll is moderately wounded.
The gnoll hits you but does no damage.
You barely miss the gnoll. You bite the gnoll, but do no damage.
The gnoll is moderately wounded.
The gnoll barely misses you.
You closely miss the gnoll. You bite the gnoll. You drain its power.
You feel invigorated.
The gnoll is heavily wounded.
The gnoll hits you.
You die...

.#
#..................###....###
.####..###.###..###....#
#....# .......###.# #..#
##)#.# #....# .####...##.#
#..# #.#.###..#.#
......#....#
#..####........#.#
#####...####
#..##............# ##.##
#>....###)###.......
######.###
##g######.###.######
.........# #.@..........#
######[#.# ####....##########
## #...# #.####≈≈≈≈≈≈.<# .#
##..# #.# #≈≈≈≈..### .# ..#
#.# #≈≈≈≈≈.≈# .### ..# #.#
#≈≈≈≈≈≈.# ...# #..# #.#
#≈≈≈≈≈.P# .#.# #..# #.#
#≈≈≈≈≈.## .#.# #..# #.#
#P≈≈≈≈≈.##


You could see a gnoll.

Vanquished Creatures
  A goblin (D:1)
  A hobgoblin (D:1)
  2 jackals (D:1)
  A kobold (D:1)
  A frilled lizard (D:1)
  A rat (D:1)
7 creatures vanquished.

Notes
Turn   | Place    | Note
-------+----------+-------------------------------------------
     0 | D:1      | nono the Vine Stalker Hunter began the quest for the Orb.
     0 | D:1      | Reached XP level 1. HP: 11/11 MP: 2/2
   180 | D:1      | Reached XP level 2. HP: 10/15 MP: 3/3
   416 | D:1      | Slain by a gnoll

Vault maps used:
D:1:      lightli_arrival_windingriver, minmay_tetromino_i2
D:2:      first_ration, uniq_crazy_yiuf_cottage

Skill      XL: |  1 |
---------------+----+-----
Fighting       | 2 |  2.0
Throwing       | |  3.6
Armour         | |  0.5
Dodging        | |  1.8
Stealth        | |  1.2

Action                   || total
-------------------------++-------
Melee: Short sword       ||    34
       Bite              ||    10
Throw: Javelin           ||     3
       Throwing net      ||     2
Armor: Chain mail        ||    21
Dodge: Dodged            ||    13

Table legend:
 A = Spawn XP
 B = Non-spawn XP
 C = Spawn XP percentage of total XP
 D = Spawn monster count
 E = Non-spawn monster count
 F = Spawn count percentage of total count
 G = Total turns spent on level
                    A         B        C        D         E        F      G
               +---------+---------+-------+---------+---------+-------+---------
         Total |       0 |      12 |   0.0 |       0 |       7 |   0.0 |   416
               +---------+---------+-------+---------+---------+-------+---------
           D:1 |       0 |      12 |   0.0 |       0 |       7 |   0.0 |   406
               +---------+---------+-------+---------+---------+-------+---------
